Map: Orbital Shipyard

Players

Dbone

  • Race: Protoss Protoss
  • League: Gold

LindyHop - Winner!

  • Race: Zerg Zerg
  • League: Silver

VOD

Have the link to the VOD?

Description

Time

  • Played on: Dec. 4, 2015, 1:16 a.m.
  • Length: 12:32
Show
View Real Time Build Order
Export as new Build Order

Dbone Protoss 

Build Orders:  

Get SALT Encoding   

  12  0:01  Probe (Chrono Boost)  
  13  0:15  Pylon  
  13  0:22  Probe (Chrono Boost)  
  14  0:32  Probe (Chrono Boost)  
  16  0:43  Probe (Chrono Boost)  
  16  0:53  Probe (Chrono Boost)  
  17  1:10  Nexus  
  17  1:16  Forge  
  17  1:27  Pylon  
  17  1:30  Probe (Chrono Boost)  
  18  1:40  Probe (Chrono Boost)  
  19  1:50  Gateway  
  19  1:52  Photon Cannon  
  18  1:55  Pylon  
  18  2:04  Photon Cannon  
  18  2:07  Probe (Chrono Boost)  
  19  2:16  Assimilator  
  19  2:20  Probe (Chrono Boost)  
  19  2:21  Assimilator  
  20  2:23  Probe (Chrono Boost)  
  21  2:32  Probe (Chrono Boost)  
  21  2:34  Probe (Chrono Boost)  
  23  2:42  Probe (Chrono Boost)  
  24  2:44  Probe (Chrono Boost)  
  24  2:50  Zealot  
  27  2:55  Probe x2 (Chrono Boost)  
  29  3:05  Probe x2 (Chrono Boost)  
  31  3:12  Assimilator  
  31  3:16  Probe x2 (Chrono Boost), Assimilator  
  33  3:25  Protoss Ground Weapons Level 1 (Chrono Boost)  
  33  3:26  Probe x2 (Chrono Boost)  
  35  3:32  Cybernetics Core  
  35  3:36  Pylon  
  35  3:37  Probe (Chrono Boost)  
  36  3:42  Pylon  
  36  3:45  Probe (Chrono Boost)  
  37  3:50  Pylon  
  37  3:56  Probe (Chrono Boost)  
  38  4:03  Probe (Chrono Boost)  
  39  4:13  Photon Cannon  
  39  4:14  Probe (Chrono Boost)  
  39  4:15  Photon Cannon  
  40  4:20  Probe (Chrono Boost)  
  41  4:24  Probe (Chrono Boost), Warp Gate (Chrono Boost)  
  41  4:30  Probe (Chrono Boost)  
  43  4:35  Probe (Chrono Boost)  
  43  4:37  Pylon  
  44  4:41  Probe (Chrono Boost)  
  44  4:44  Robotics Facility  
  46  4:45  Probe (Chrono Boost)  
  46  4:46  Gateway  
  46  4:48  Gateway  
  46  4:56  Probe (Chrono Boost)  
  47  5:06  Gateway, Probe (Chrono Boost)  
  48  5:07  Gateway  
  48  5:10  Gateway  
  48  5:13  Gateway, Protoss Ground Armor Level 1 (Chrono Boost)  
  48  5:17  Pylon  
  48  5:18  Probe  
  49  5:25  Pylon  
  49  5:45  Photon Cannon  
  49  5:47  Photon Cannon  
  49  5:51  Immortal (Chrono Boost)  
  53  6:05  Pylon  
  53  6:07  Pylon  
  53  6:13  Robotics Facility  
  53  6:20  Robotics Bay  
  53  6:31  Immortal (Chrono Boost), Pylon  
  57  6:37  Stalker x3  
  57  6:38  Stalker x4  
  71  6:45  Twilight Council  
  71  6:53  Pylon  
  75  7:05  Immortal (Chrono Boost), Protoss Shields Level 1 (Chrono Boost)  
  75  7:07  Immortal (Chrono Boost)  
  79  7:15  Extended Thermal Lance (Chrono Boost)  
  79  7:23  Blink  
  79  7:35  Sentry, Colossus (Chrono Boost)  
  79  7:36  Sentry  
  83  7:43  Observer (Chrono Boost)  
  90  7:52  Stalker x3  
  90  7:53  Stalker x2  
  100  8:06  Colossus  
  106  8:18  Colossus  
  112  8:54  Stalker x2  
  112  8:55  Stalker x4  
  124  9:10  Protoss Ground Weapons Level 2 (Chrono Boost)  
  124  9:22  Pylon  
  124  9:36  Assimilator  
  124  9:40  Assimilator  
  124  9:44  Pylon  
  124  9:47  Nexus  
  124  9:49  Pylon  
  124  9:50  Stalker x3  
  124  9:51  Stalker  
  124  9:52  Stalker  
  134  10:20  Photon Cannon  
  132  10:21  Photon Cannon  
  132  10:24  Photon Cannon  
  132  10:26  Photon Cannon  
  47  10:51  Immortal  
  47  10:52  Stalker x4  
  47  10:53  Stalker x3  
  69  10:57  Immortal  
  69  11:23  Stalker x2  
  65  11:26  Immortal  
  63  11:36  Immortal  
  56  11:41  Sentry  
  56  11:42  Stalker x3  
  54  12:06  Sentry  
  56  12:10  Sentry, Stalker  
  58  12:28  Stalker x2  
Show
View Real Time Build Order
Export as new Build Order

LindyHop Zerg - Winner!

Build Orders: Hatch First 

Get SALT Encoding   

  12  0:02  Drone  
  13  0:08  Drone  
  14  0:34  Hatchery  
  13  0:38  Drone  
  14  0:54  Spawning Pool  
  13  1:02  Overlord  
  13  1:10  Drone  
  14  1:18  Extractor  
  14  1:20  Drone  
  14  1:21  Drone  
  15  1:31  Drone  
  17  1:38  Drone  
  18  1:41  Queen  
  20  1:50  Extractor  
  20  1:52  Drone x2, Extractor  
  20  1:56  Drone  
  20  1:59  Drone  
  22  2:08  Overlord  
  22  2:17  Drone  
  22  2:19  Zergling x4  
  25  2:30  Overlord  
  25  2:31  Queen  
  27  2:40  Spore Crawler  
  27  2:42  Spore Crawler  
  25  2:50  Metabolic Boost  
  25  2:57  Drone x2  
  27  3:09  Drone x4  
  31  3:16  Drone  
  31  3:17  Drone  
  33  3:25  Evolution Chamber  
  33  3:34  Drone x4  
  35  3:43  Drone  
  35  3:44  Drone x3  
  39  4:02  Lair  
  39  4:04  Zerg Ground Armor Level 1  
  39  4:08  Extractor  
  38  4:10  Extractor  
  37  4:24  Hatchery  
  37  4:28  Drone x2  
  37  4:29  Drone  
  37  4:30  Drone x3  
  37  4:31  Overlord  
  42  4:40  Pneumatized Carapace  
  42  4:41  Drone x2  
  44  5:07  Hydralisk Den  
  44  5:13  Drone x3  
  47  5:14  Drone x6  
  47  5:15  Overlord  
  47  5:21  Overlord  
  52  5:58  Overlord  
  52  5:59  Overlord  
  52  6:03  Zerg Missile Weapons Level 1  
  52  6:05  Hatchery, Muscular Augments  
  52  6:10  Drone x4  
  55  6:12  Drone x4, Extractor  
  55  6:14  Extractor  
  57  6:35  Drone x2  
  57  6:36  Drone x3  
  62  6:45  Spire  
  61  6:55  Zergling x8  
  65  7:06  Hydralisk  
  65  7:07  Hydralisk x9  
  85  7:09  Overlord x2  
  85  7:22  Evolution Chamber  
  84  7:30  Drone x2  
  84  7:31  Drone x2, Hydralisk  
  84  7:32  Hydralisk x3  
  96  7:43  Hydralisk  
  96  7:44  Hydralisk x3  
  96  7:48  Overlord, Zerg Ground Armor Level 2  
  104  7:51  Overlord  
  104  7:52  Overlord x2  
  104  8:05  Queen  
  104  8:11  Hatchery  
  105  8:18  Zerg Flyer Weapons Level 1  
  105  8:21  Overseer  
  105  8:23  Mutalisk  
  105  8:24  Mutalisk x10  
  127  8:48  Overlord x3  
  127  9:04  Mutalisk x2  
  127  9:05  Mutalisk x2  
  127  9:06  Overlord x2  
  127  9:07  Overlord, Mutalisk  
  127  9:08  Mutalisk x2  
  141  9:15  Overseer  
  141  9:19  Extractor  
  141  9:20  Mutalisk  
  141  9:21  Zergling x2  
  141  9:22  Zergling x12  
  141  9:23  Extractor  
  148  9:27  Zerg Missile Weapons Level 2  
  148  9:30  Hatchery  
  146  9:38  Mutalisk  
  146  9:39  Mutalisk  
  146  9:45  Mutalisk  
  150  9:48  Zergling x14  
  150  9:49  Zergling x6  
  161  10:16  Mutalisk x4  
  161  10:17  Mutalisk  
  167  10:25  Hydralisk  
  167  10:26  Hydralisk x2  
  147  10:31  Hydralisk  
  143  10:35  Hydralisk  
  143  10:36  Hydralisk  
  143  10:38  Hydralisk  
  143  10:41  Zergling x2  
  143  10:42  Zergling x22  
  147  10:45  Mutalisk  
  143  10:54  Mutalisk  
  143  10:56  Zergling x8  
  149  11:00  Zergling x2  
  149  11:01  Zergling x6  
  140  11:33  Hydralisk x2  
  140  11:34  Hydralisk x11  
  140  11:36  Zergling x4  
  140  11:37  Zergling x6  
  168  11:48  Mutalisk x2  
  167  12:09  Drone x17  
Tags
 
Add a new tag
Caveats
  • Supply blocks, unpowered buildings, or Contaminate may cause inaccurate times.
  • Supply counts are checked every 10 seconds.